 Dungeon Crawl Stone Soup version 0.27.1-3-gb3d3a73c9e (webtiles) character file.

Game seed: 5262150688788041718

94846 theology the Severer (level 15, -2/145 HPs)
             Began as a Grey Draconian Berserker on Oct 13, 2021.
             Was a High Priest of Trog.
             Slain by Rupert (33 damage)
             ... on level 14 of the Dungeon.
             The game lasted 00:35:46 (28652 turns).

theology the Severer (Grey Draconian Berserker)    Turns: 28652, Time: 00:35:47

Health: -2/145     AC: 22    Str: 33    XL:     15   Next: 64%
Magic:  15/15      EV: 16    Int:  8    God:    Trog [*****.]
Gold:   1607       SH:  0    Dex: 18    Spells: 14/14 levels left

rFire    . . .     SeeInvis .   a - +3 broad axe (vorpal)
rCold    . . .     Faith    .   c - +2 kite shield {AC+3}
rNeg     . . .     Spirit   .   (armour unavailable)
rPois    .         Reflect  +   (helmet restricted)
rElec    .         Harm     .   s - +2 cloak {Will+}
rCorr    .         Rampage  .   j - +0 pair of gloves {Str+3}
Will     ++...     Rnd*Tele +   l - +0 pair of boots {Fly}
Stlth    +.........             n - amulet of reflection
HPRegen  0.34/turn              D - +6 ring of dexterity
MPRegen  0.14/turn              S - +6 ring of strength

@: confused, on berserk cooldown, flying, slowed, very slow
A: AC +14, amphibious, unfitting armour, cold-blooded, talons 1, teleportitis 1
a: Renounce Religion, Berserk, Trog's Hand, Brothers in Arms


You were on level 14 of the Dungeon.
You worshipped Trog.
Trog was extremely pleased with you.
You visited 4 branches of the dungeon, and saw 23 of its levels.

You collected 2026 gold pieces.
You spent 419 gold pieces at shops.


Innate Abilities, Weirdness & Mutations

Your dull iron-grey scales are very hard. (AC +14)
You are amphibious.
You cannot fit into any form of body armour.
You are cold-blooded and may be slowed by cold attacks.
You have sharp toenails.
You are occasionally teleported next to monsters.


   Skills:
 + Level 16.7 Fighting
 * Level 16.8 Axes
 - Level 6.7 Dodging
 * Level 14.2 Shields


You had 14 spell levels left.
You didn't know any spells.
Your spell library contained the following spells:

 Spells                   Type           Power      Damage    Failure   Level
 Beastly Appendage        Tmut           0%         N/A       43%         1
 Corona                   Hex            0%         N/A       43%         1
 Foxfire                  Conj/Fire      0%         2x1d4     43%         1
 Freeze                   Ice            0%         1d3       43%         1
 Magic Dart               Conj           0%         1d3       43%         1
 Call Imp                 Summ           0%         N/A       58%         2
 Ensorcelled Hibernation  Hex/Ice        0%         N/A       58%         2
 Sublimation of Blood     Necr           0%         N/A       58%         2
 Wereblood                Tmut           0%         N/A       58%         2
 Conjure Flame            Conj/Fire      0%         6-21      82%         3
 Frozen Ramparts          Ice            0%         1d2       82%         3
 Gell's Gravitas          Tloc           0%         N/A       82%         3
 Ignite Poison            Fire/Tmut/Pois 0%         N/A       82%         3
 Inner Flame              Hex/Fire       0%         N/A       82%         3
 Mephitic Cloud           Conj/Pois/Air  0%         N/A       82%         3
 Ozocubu's Armour         Ice            0%         N/A       82%         3
 Portal Projectile        Hex/Tloc       0%         N/A       82%         3
 Spider Form              Tmut/Pois      0%         N/A       82%         3
 Teleport Other           Tloc           0%         N/A       82%         3
 Tukima's Dance           Hex            0%         N/A       82%         3
 Hailstorm                Conj/Ice       0%         3d3       99%         4
 Ice Form                 Ice/Tmut       0%         N/A       99%         4
 Passage of Golubria      Tloc           N/A        N/A       99%         4
 Petrify                  Tmut/Erth      0%         N/A       99%         4
 Sticky Flame             Conj/Fire      0%         2d3       99%         4
 Blade Hands              Tmut           0%         N/A       100%        5
 Bolt of Magma            Conj/Fire/Erth 0%         4d4       100%        5
 Excruciating Wounds      Necr           0%         N/A       100%        5
 Irradiate                Conj/Tmut      0%         3d13      100%        5
 Metabolic Englaciation   Hex/Ice        0%         N/A       100%        5
 Silence                  Hex/Air        0%         N/A       100%        5
 Yara's Violent Unravell  Hex/Tmut       0%         3d3       100%        5
 Dispersal                Tloc           0%         N/A       100%        6
 Simulacrum               Ice/Necr       0%         N/A       100%        6
 Borgnjor's Revivificati  Necr           0%         N/A       100%        8
 Lehudib's Crystal Spear  Conj/Erth      0%         10d2      100%        8
 Necromutation            Tmut/Necr      0%         N/A       100%        8
 Death's Door             Necr           0%         N/A       100%        9

Inventory:

Hand Weapons
 a - a +3 vorpal broad axe (weapon)
   (Trog gifted it to you on level 6 of the Lair of Beasts)
 b - a +2 hand axe of flaming
   (Trog gifted it to you on level 3 of the Lair of Beasts)
 G - the +4 dagger "Ymujylas" {vorpal, Str+2 Int+4 Dex+4 SInv}
   (You found it on level 5 of the Dungeon)

   It inflicts extra damage upon your enemies.
   Str:       It affects your strength (+2).
   Int:       It affects your intelligence (+4).
   Dex:       It affects your dexterity (+4).
   SInv:      It lets you see invisible.
Missiles
 E - 6 javelins (quivered)
Armour
 c - a +2 kite shield of protection (worn)
   (You took it off a tengu warrior on level 14 of the Dungeon)
 f - a scarf of shadows
   (You found it on level 1 of the Dungeon)
 j - a +0 pair of gloves of strength (worn)
   (You bought it in a shop on level 2 of the Orcish Mines)
 l - a +0 pair of boots of flying (worn)
   (You bought it in a shop on level 2 of the Orcish Mines)
 s - a +2 cloak of willpower (worn)
   (You found it on level 1 of the Lair of Beasts)
 A - a +0 kite shield of reflection
   (You found it on level 11 of the Dungeon)
Jewellery
 n - an amulet of reflection (around neck)
   (You found it on level 5 of the Dungeon)
 v - a ring of see invisible
   (You found it on level 10 of the Dungeon)
 D - a +6 ring of dexterity (left hand)
   (You found it on level 8 of the Dungeon)
 L - a ring of flight
   (You found it on level 6 of the Dungeon)
 P - a ring of poison resistance
   (You took it off a skeletal warrior on level 13 of the Dungeon)
 R - a ring of resist corrosion
   (You found it on level 4 of the Lair of Beasts)
 S - a +6 ring of strength (right hand)
   (You found it on level 7 of the Dungeon)
 Z - a ring of wizardry
   (You found it on level 6 of the Lair of Beasts)
Wands
 g - a wand of polymorph (5)
   (You found it on level 6 of the Dungeon)
 m - a wand of iceblast (6)
   (You found it on level 6 of the Lair of Beasts)
 u - a wand of digging (5)
   (You found it on level 8 of the Dungeon)
 z - a wand of acid (1)
   (You found it on level 11 of the Dungeon)
 C - a wand of flame (53)
   (You found it on level 12 of the Dungeon)
Scrolls
 h - 9 scrolls of identify {@r1}
 i - 4 scrolls of teleportation {@r4}
 o - a scroll of holy word
 t - 2 scrolls of fog
 y - 2 scrolls of silence {!r}
 B - 3 scrolls of magic mapping {!r}
 H - a scroll of blinking {!r}
Potions
 d - 2 potions of curing {@q1}
 e - 2 potions of resistance
 k - 3 potions of flight
 q - a potion of cancellation
 w - a potion of magic
 x - 2 potions of lignification {!q}
 F - a potion of berserk rage {!q}
 I - 2 potions of attraction {!q}

Dungeon Overview and Level Annotations

Branches:
Dungeon (14/15)            Temple (1/1) D:6            Lair (6/6) D:8
 Shoals (0/4) Lair:4       Spider (0/4) Lair:3        Slime (0/5) Lair:6
    Orc (2/2) D:10            Elf (0/3) Orc:2        Vaults (0/5) D:13

Altars:
Ashenzari
Cheibriados
Dithmenos
Elyvilon
Fedhas
Gozag
Hepliaklqana
Kikubaaqudgha
Makhleb
Nemelex Xobeh
Okawaru
Qazlal
Ru
Sif Muna
Trog
Uskayaw
Vehumet
Wu Jian
Yredelemnul
Zin
The Shining One
Beogh

Shops:
D:5 [   D:12 **   Orc:2 [[**[[(

Annotations:
D:9 3 runed translucent doors, MechaKamiliLaw's ghost, journeyman FoFi
D:12 3 runed translucent doors, Papten's ghost, journeyman GnNe
D:13 3 runed translucent doors
D:14 Rupert

#..# #.###.##########
#...............
#...............
#.###<....##### #
####..# #..## #†@.##
##### #.@..#
....#######...........#
..)................##...
...............##### .!
####.......####
#...###### .#..###
####..# ###
#...##...##...


You could see Rupert (berserk).


Message History

You see here a +0 spear.
Found an escape hatch in the floor.
Found a stone staircase leading down.
You now have 1607 gold pieces (gained 14).
There is a stone staircase leading down here.
Found a stone staircase leading up.
A manticore comes into view.
A manticore is nearby!
A manticore is nearby!
A manticore is nearby!
You block the manticore's attack. x3
Rupert shouts!
You slash the manticore!
You tail-slap the manticore, but do no damage.
You closely miss the manticore.
Your tail-slap misses the manticore.
You block the manticore's attack. x3
You slash the manticore!
Your tail-slap misses the manticore.
You block the manticore's attack. x2; The manticore closely misses you.
You hit the manticore but do no damage. You block the manticore's attack. x3
A red film seems to cover your vision as you go berserk!
You feel yourself moving faster!
You feel mighty! You block the manticore's attack.
The manticore barely misses you. You block the manticore's attack.
You block Rupert's attack. 😎 HP[+72]
You now have 217 max hp (+72).
Your hp is fully restored (217).
Unknown command.
You open the manticore like a pillowcase!!!
You kill the manticore!
Trog accepts your kill.
You barely miss Rupert.
Unknown command.
You hit Rupert but do no damage. You tail-slap Rupert.
You block Rupert's attack.
Unknown command.
You hit Rupert. You tail-slap Rupert.
Unknown command.
Unknown command.
You slice Rupert!! You tail-slap Rupert. Rupert roars wildly at you.
You are confused.
Unknown command.
You are too confused!
You are too confused!
You are too confused!
Unknown command.
Unknown command.
Unknown command.
Rupert roars wildly at you.
You are more confused.
You see here a manticore corpse.
You're too confused to move!
You feel a strong urge to attack something.
You closely miss Rupert. You tail-slap Rupert, but do no damage.
Rupert roars madly and goes into a rage!
Rupert goes berserk!
Rupert barely misses you.
Unknown command.
You feel a strong urge to attack something.
Rupert hits you with a +1 battleaxe of freezing!!
Rupert freezes you!
You see here a manticore corpse. 😕 HP[-30]
You take 30 damage, and now have 187/217 hp.
Unknown command.
You bump into the rock wall.
You are no longer berserk.
You are exhausted.
You feel yourself slow down.
Rupert hits you with a +1 battleaxe of freezing!!
Rupert freezes you. 😮 HP[-92]
You now have 145 max hp (-72).
You take 92 damage, and now have 95/145 hp.
MASSIVE DAMAGE!! (PAUSE)
You are too confused!
You feel much better.
Rupert hits you with a +1 battleaxe of freezing!
Rupert freezes you!
Rupert hits you but does no damage. 😮 HP[-9]
You take 9 damage, and now have 86/145 hp.
You feel much better.
Rupert hits you with a +1 battleaxe of freezing!
Rupert freezes you.
Rupert hits you with a +1 battleaxe of freezing!!
* * * LOW HITPOINT WARNING * * *
You feel as though you will be slow longer.
Rupert freezes you!
* * * LOW HITPOINT WARNING * * *
😨 HP[-28]
You take 28 damage, and now have 58/145 hp.
Unknown command.
You're too confused to move!
Rupert misses you. Rupert hits you but does no damage.
Unknown command.
Rupert hits you with a +1 battleaxe of freezing!!
* * * LOW HITPOINT WARNING * * *
Rupert freezes you!
* * * LOW HITPOINT WARNING * * *
Rupert hits you with a +1 battleaxe of freezing!!
You die...

Skill      XL: |  1  2  3  4  5  6  7  8  9 10 11 12 13 14 15 |
---------------+----------------------------------------------+-----
Axes           | 4 5 6 7 8 9 11 12 13 14 16 | 16.8
Fighting       | 5 6 8 10 11 13 15 16 | 16.7
Dodging        | 3 6 |  6.7
Shields        | 6 9 11 13 14 | 14.2

Action                   |  1- 3 |  4- 6 |  7- 9 | 10-12 | 13-15 || total
-------------------------+-------+-------+-------+-------+-------++-------
Melee: Hand axe          |    81 |   127 |   273 |   718 |   690 ||  1889
       Tailslap          |     8 |    13 |    59 |   172 |   304 ||   556
       Dagger            |       |       |    52 |    18 |       ||    70
       Spear             |       |       |       |     1 |       ||     1
       Trident           |       |       |       |       |    23 ||    23
       Broad axe         |       |       |       |       |   434 ||   434
Throw: Boomerang         |    11 |     6 |     2 |       |       ||    19
       Dart              |       |     7 |     1 |     2 |     1 ||    11
       Javelin           |       |       |       |       |     3 ||     3
Invok: Berserk           |     3 |     4 |     6 |    15 |    13 ||    41
       Brothers in Arms  |       |       |       |     4 |     5 ||     9
       Trog's Hand       |       |       |       |     3 |     2 ||     5
Evoke: Wand              |       |       |       |     8 |     1 ||     9
  Use: Scroll            |       |     1 |     5 |    11 |    13 ||    30
       Potion            |       |       |     2 |     8 |     7 ||    17
 Stab: Sleeping          |     1 |       |     1 |       |     1 ||     3
       Distracted        |       |       |       |     1 |       ||     1
Armor: Skin              |    23 |    26 |   153 |   182 |   219 ||   603
Dodge: Dodged            |    51 |    86 |   174 |   355 |   311 ||   977
Block: Other             |       |       |    81 |    50 |       ||   131
       Kite shield       |       |       |       |   299 |   888 ||  1187
       Reflection        |       |       |       |     4 |    18 ||    22

Levels and vault maps discovered:
D:1:      denvon_arrival_planthouse, layout_rooms, minmay_liquid_box
D:2:      layout_basic, shapermc_ecumenical_altar_gd, st_stairs_9,
          chequers_mini_garden
D:3:      layout_basic, pdpol_wu_jian_five_deadly_venoms,
          nicolae_dithmenos_shadow_blocks
D:4:      layout_loops_ring
D:5:      layout_loops_ring, serial_shops, nicolae_stop_n_shop_2
D:6:      layout_rooms, old_standard_altar, minmay_temple_entry_large_hall,
          nicolae_benzene_ring
D:7:      nzn_winding_woodlands_three_and_one
          [nzn_winding_woodlands_5x15_pockets,
          nzn_winding_woodlands_5x15_zeroes, nzn_winding_woodlands_5x15_crooked,
          nzn_winding_woodlands_center_garden], layout_rooms, zin_statuary
D:8:      layout_rooms, lemuel_coloured_pillars_altar, erik_lair_island,
          dk_noncrumbling_3, uniq_prince_ribbit1
D:9:      layout_gridville, minitemple, gammafunk_ghost_icy
D:10:     layout_basic, orc_0_dummy, amcnicky_mini_pool_medium, uniq_nergalle
D:11:     layout_rooms, grunt_ministairs_8
D:12:     layout_stronghold, ebering_ghost_gozag, serial_column_ruins,
          column_ruins_hut, column_ruins_hut, column_ruins_grid_1,
          column_ruins_open_small_water, column_ruins_columns_straight,
          uniq_maurice, uniq_jorgrun
D:13:     layout_cave_pools, lightli_vaults_fourway_checkpoint,
          grunt_ministairs_8, mikee_hates_you
D:14:     minmay_ornate_pinched, layout_long_grid, bh_walls_and_bars,
          uniq_rupert
Temple:   minmay_temple_bridge_abc
Lair:1:   layout_loops_ring, grunt_megastairs_3, infiniplex_staircase_pool,
          uniq_grum
Lair:2:   layout_gridlike, chequers_serial_rivers_micro_c
Lair:3:   layout_big_grid, nicolae_spider_entry_orb_guardian,
          gammafunk_ghost_split, serial_bayou_shore_b
Lair:4:   layout_regular_city, minmay_shoals_entry_lonely_mermaid,
          grunt_megastairs_4
Lair:5:   layout_misc_corridors, grunt_forest_small_clearings,
          chequers_serial_rivers_micro_a, beast_lair_carwin_8
Lair:6:   minmay_lair_end_enchanted_forest, layout_cave_pods,
          minmay_slime_entry_pillars, lemuel_fruit_fields
Orc:1:    layout_caves, guppyfry_orc_lava_fort
Orc:2:    st_orc_mages, layout_caves, serial_shops, shop, shop,
          nicolae_shop_statue_plus, basic_altar, uniq_snorg

Notes
Turn   | Place    | Note
-------+----------+-------------------------------------------
     0 | D:1      | theology the Draconian Berserker began the quest for the
                  | Orb.
     0 | D:1      | Reached XP level 1. HP: 19/19 MP: 1/1
     0 | D:1      | magus.rc [v1.11.2]
    38 | D:1      | magus.rc [v1.11.2]
   214 | D:1      | Reached XP level 2. HP: 23/26 MP: 2/2
   409 | D:1      | Reached skill level 4 in Axes
   775 | D:2      | Reached XP level 3. HP: 31/31 MP: 3/3
  1233 | D:2      | Found a faded altar of an unknown god.
  1769 | D:2      | You pick up a book of Frost {forbidden} and begin
                  | reading...
  1769 | D:2      | You add the spells Freeze, Frozen Ramparts and Hailstorm to
                  | your library.
  1853 | D:3      | Reached skill level 5 in Axes
  1853 | D:3      | Reached XP level 4. HP: 38/38 MP: 4/4
  1882 | D:3      | Found a shadowy altar of Dithmenos.
  1884 | D:3      | Reached ** piety under Trog
  2040 | D:3      | Noticed a black bear
  2053 | D:3      | Killed a black bear
  2054 | D:3      | Reached skill level 6 in Axes
  2054 | D:3      | Reached XP level 5. HP: 45/45 MP: 5/5
  2520 | D:3      | You fall into a shaft and drop 2 floors!
  2520 | D:5      | Entered Level 5 of the Dungeon
  2546 | D:4      | Reached XP level 6. HP: 47/52 MP: 6/6
  2651 | D:4      | Identified the +1 scale mail of Daux {*Corrode rF+ rC+}
  2952 | D:3      | Found an ornate altar of the Wu Jian Council.
  3548 | D:4      | Reached skill level 4 in Fighting
  3947 | D:4      | Reached skill level 7 in Axes
  4245 | D:5      | Found Dacurarol's Armour Shop.
  4339 | D:5      | Identified the +2 robe of Mochoec {Contam rC+ Will- Int+8}
  4480 | D:5      | Reached skill level 5 in Fighting
  4480 | D:5      | Your scales start taking on a dull iron-grey colour.
  4480 | D:5      | Reached XP level 7. HP: 61/61 MP: 7/7
  4646 | D:5      | Identified the +4 dagger "Ymujylas" {vorpal, Str+2 Int+4
                  | Dex+4 SInv}
  4768 | D:5      | You add the spells Conjure Flame, Ignite Poison and Sticky
                  | Flame to your library.
  5165 | D:6      | Reached skill level 6 in Fighting
  5288 | D:6      | Reached skill level 8 in Axes
  5351 | D:6      | You pick up a book of Weapons {forbidden} and begin
                  | reading...
  5351 | D:6      | You add the spells Portal Projectile, Excruciating Wounds
                  | and Blade Hands to your library.
  5363 | D:6      | Found a stormy altar of Qazlal.
  5413 | D:6      | Found a staircase to the Ecumenical Temple.
  5422 | Temple   | Entered the Ecumenical Temple
  5753 | D:6      | Reached XP level 8. HP: 71/71 MP: 8/8
  5936 | D:6      | Reached skill level 7 in Fighting
  6235 | D:7      | Reached skill level 9 in Axes
  6257 | D:7      | Reached skill level 8 in Fighting
  6260 | D:7      | Reached *** piety under Trog
  6312 | D:7      | Identified a +0 robe of the Archmagi
  6389 | D:7      | Noticed a kobold demonologist
  6403 | D:7      | Killed a kobold demonologist
  6404 | D:7      | Reached XP level 9. HP: 70/82 MP: 9/9
  6417 | D:7      | Reached skill level 9 in Fighting
  6542 | D:7      | Noticed an unseen horror
  6564 | D:7      | Killed an unseen horror
  6565 | D:7      | Reached skill level 10 in Axes
  7388 | D:7      | Found a glowing silver altar of Zin.
  7557 | D:8      | Noticed Prince Ribbit
  7584 | D:8      | Killed Prince Ribbit
  7585 | D:8      | Reached skill level 10 in Fighting
  7805 | D:8      | Found a glowing golden altar of the Shining One.
  7842 | D:8      | You fall into a shaft and drop 2 floors!
  7842 | D:10     | Entered Level 10 of the Dungeon
  7865 | D:10     | Reached skill level 3 in Dodging
  7867 | D:10     | Noticed Nergalle
  7872 | D:10     | Reached skill level 11 in Axes
  7881 | D:10     | Reached XP level 10. HP: 94/94 MP: 10/10
  7890 | D:10     | Noticed a spectral orc warlord
  7894 | D:10     | Killed Nergalle
  7895 | D:10     | Reached skill level 4 in Dodging
  8080 | D:10     | Reached **** piety under Trog
  8083 | D:10     | Reached skill level 11 in Fighting
  8584 | D:10     | Reached skill level 5 in Dodging
  8962 | D:10     | Noticed a cyan ugly thing
  8973 | D:10     | Killed a cyan ugly thing
  9386 | D:10     | Found a staircase to the Orcish Mines.
  9464 | D:9      | Reached skill level 12 in Axes
  9758 | D:9      | Reached skill level 6 in Dodging
 10071 | D:9      | Noticed MechaKamiliLaw's ghost (journeyman FoFi)
 10072 | D:9      | You pick up a book of the Tundra {forbidden} and begin
                  | reading...
 10072 | D:9      | You add the spells Ice Form and Simulacrum to your library.
 10231 | D:9      | Found a runed translucent gate.
 10232 | D:9      | Found a runed translucent gate.
 10233 | D:9      | Found a runed translucent gate.
 10472 | D:9      | Found a basalt altar of Yredelemnul.
 10474 | D:9      | Found a white marble altar of Elyvilon.
 10474 | D:9      | Found a broken altar of Ashenzari.
 10474 | D:9      | Found a sacrificial altar of Ru.
 10477 | D:9      | Found an ancient bone altar of Kikubaaqudgha.
 10648 | D:8      | Found a staircase to the Lair.
 10658 | D:8      | Reached XP level 11. HP: 104/104 MP: 11/11
 10781 | D:8      | Reached skill level 12 in Fighting
 11904 | D:11     | Reached skill level 1 in Shields
 12222 | D:11     | Reached skill level 2 in Shields
 12432 | D:11     | You pick up a book of Changes {forbidden} and begin
                  | reading...
 12432 | D:11     | You add the spells Beastly Appendage, Wereblood and Spider
                  | Form to your library.
 12475 | D:12     | Found a runed translucent gate.
 12476 | D:12     | Found a runed translucent gate.
 12682 | D:12     | Found a runed translucent gate.
 12683 | D:12     | Found an opulent altar of Gozag.
 12683 | D:12     | Noticed a wizard
 12683 | D:12     | Noticed a deep troll earth mage
 12684 | D:12     | Found Waffymug's Assorted Antiques.
 12684 | D:12     | Noticed a boulder beetle
 12684 | D:12     | Noticed a storm dragon
 12684 | D:12     | Noticed Papten's ghost (journeyman GnNe)
 12685 | D:12     | Found Onudostu's Assorted Antiques.
 12719 | D:12     | Noticed Maurice
 12744 | D:12     | Paralysed by something for 2 turns
 12760 | D:12     | Killed Maurice
 12761 | D:12     | Reached skill level 3 in Shields
 12991 | D:12     | Noticed a deep elf pyromancer
 13001 | D:12     | Killed a deep elf pyromancer
 13001 | D:12     | Reached ***** piety under Trog
 13071 | D:12     | You pick up a book of Flames {forbidden} and begin
                  | reading...
 13071 | D:12     | You add the spells Foxfire and Inner Flame to your library.
 13092 | D:12     | Reached skill level 4 in Shields
 13174 | D:12     | Noticed a two-headed ogre
 13181 | D:12     | Killed a two-headed ogre
 13182 | D:12     | Reached skill level 5 in Shields
 13310 | D:12     | You add the spells Tukima's Dance, Passage of Golubria and
                  | Yara's Violent Unravelling to your library.
 13548 | D:12     | Noticed Jorgrun
 13563 | D:12     | Killed Jorgrun
 13564 | D:12     | Reached skill level 13 in Fighting
 13564 | D:12     | Reached skill level 13 in Axes
 13564 | D:12     | Reached skill level 6 in Shields
 13564 | D:12     | Reached XP level 12. HP: 115/115 MP: 12/12
 14312 | D:13     | You add the spells Mephitic Cloud and Bolt of Magma to your
                  | library.
 14481 | D:13     | You pick up a book of Maledictions {forbidden} and begin
                  | reading...
 14481 | D:13     | You add the spells Corona and Ensorcelled Hibernation to
                  | your library.
 14529 | D:13     | Noticed a death knight
 14535 | D:13     | Noticed a boulder beetle
 14544 | D:13     | Killed a death knight
 14549 | D:13     | HP: 20/115 [freezing wraith[a death knight] (11)]
 14601 | D:12     | Reached skill level 7 in Shields
 14941 | Lair:1   | Entered Level 1 of the Lair of Beasts
 15004 | Orc:1    | Entered Level 1 of the Orcish Mines
 15006 | Orc:1    | Noticed a two-headed ogre
 15019 | Orc:1    | Killed a two-headed ogre
 15451 | Orc:1    | Noticed an orc high priest
 15472 | Orc:1    | Killed an orc high priest
 15473 | Orc:1    | Reached skill level 8 in Shields
 15721 | Orc:1    | You fall into a shaft and drop 1 floor!
 15721 | Orc:2    | Entered Level 2 of the Orcish Mines
 16033 | Orc:2    | Found Sinutawn's Antique Armour Shoppe.
 16040 | Orc:2    | Bought a pair of glowing boots for 232 gold pieces
 16055 | Orc:2    | Found Otsarux's Armour Boutique.
 16282 | Orc:2    | Found a staircase to the Elven Halls.
 16346 | Orc:2    | Noticed an orc high priest
 16346 | Orc:2    | Identified a +1 robe of the Archmagi
 16355 | Orc:2    | Received a gift from Trog
 16358 | Orc:2    | Noticed an orc high priest
 16364 | Orc:2    | Noticed an orc high priest
 16365 | Orc:2    | Killed an orc high priest
 16366 | Orc:2    | Reached skill level 9 in Shields
 16369 | Orc:2    | Killed an orc high priest
 16370 | Orc:2    | Found Odenum's Antique Weapon Emporium.
 16370 | Orc:2    | Found Morui's Armour Shoppe.
 16374 | Orc:2    | HP: 19/116 [orc priest/divine providence (12)]
 16677 | Orc:2    | Found Zestrain's Assorted Antiques.
 16682 | Orc:2    | Bought 2 pink potions for 37 gold pieces
 16910 | Orc:2    | Noticed an orc high priest
 16923 | Orc:2    | Killed an orc high priest
 17048 | Orc:2    | Killed an orc high priest
 17211 | Orc:2    | Noticed Snorg
 17221 | Orc:2    | Killed Snorg
 17222 | Orc:2    | Reached XP level 13. HP: 123/123 MP: 13/13
 17397 | Orc:2    | Found Poeclus's Antique Armour Emporium.
 17398 | Orc:2    | Found Jisavel's Assorted Antiques.
 17404 | Orc:2    | Bought a pair of embroidered gloves for 150 gold pieces
 17714 | Lair:1   | Reached skill level 14 in Fighting
 17731 | Lair:1   | Reached skill level 10 in Shields
 17971 | Lair:1   | Noticed Grum
 17987 | Lair:1   | Killed Grum
 17997 | Lair:1   | Reached skill level 14 in Axes
 18146 | Lair:1   | You pick up a book of Minor Magic {forbidden} and begin
                  | reading...
 18146 | Lair:1   | You add the spells Magic Dart and Call Imp to your library.
 18886 | Lair:2   | You pick up a book of Alchemy {forbidden} and begin
                  | reading...
 18886 | Lair:2   | You add the spells Sublimation of Blood, Petrify and
                  | Irradiate to your library.
 20343 | Lair:3   | Reached skill level 11 in Shields
 20435 | Lair:3   | You pick up a book of Winter {forbidden} and begin
                  | reading...
 20435 | Lair:3   | You add the spells Ozocubu's Armour and Metabolic
                  | Englaciation to your library.
 20616 | Lair:3   | Reached skill level 15 in Fighting
 20678 | Lair:3   | You pick up a book of the Moon {forbidden} and begin
                  | reading...
 20678 | Lair:3   | You add the spells Silence and Lehudib's Crystal Spear to
                  | your library.
 20717 | Lair:3   | Received a gift from Trog
 20940 | Lair:3   | Found a runed translucent gate.
 20941 | Lair:3   | Found a runed translucent gate.
 20942 | Lair:3   | Found a runed translucent gate.
 20942 | Lair:3   | Noticed SquidGame's ghost (journeyman TeBe)
 21090 | Lair:3   | Found a hole to the Spider Nest.
 21207 | Lair:3   | Killed SquidGame's ghost
 21208 | Lair:3   | Reached XP level 14. HP: 135/135 MP: 14/14
 21711 | Lair:4   | Reached skill level 15 in Axes
 22482 | Lair:4   | Found a staircase to the Shoals.
 22753 | Lair:5   | Gained mutation: You are occasionally teleported next to
                  | monsters. [potion of mutation]
 22753 | Lair:5   | Gained mutation: You have sharp toenails. [potion of
                  | mutation]
 23258 | Lair:5   | Reached skill level 12 in Shields
 23699 | Lair:6   | Entered Level 6 of the Lair of Beasts
 24124 | Lair:6   | Received a gift from Trog
 24539 | Lair:6   | Reached skill level 16 in Fighting
 24563 | Lair:6   | Paralysed by a hornet for 3 turns
 24571 | Lair:6   | Paralysed by a hornet for 1 turns
 25049 | Lair:6   | Found a staircase to the Slime Pits.
 25543 | Lair:6   | Reached skill level 13 in Shields
 25672 | Lair:6   | You add the spells Gell's Gravitas, Teleport Other and
                  | Dispersal to your library.
 25698 | Lair:6   | Reached skill level 16 in Axes
 25920 | Lair:6   | Received a gift from Trog
 25936 | Lair:6   | Reached XP level 15. HP: 133/144 MP: 15/15
 25947 | Lair:6   | You add the spells Borgnjor's Revivification, Necromutation
                  | and Death's Door to your library.
 27267 | D:13     | Found a gate to the Vaults.
 27790 | D:13     | Found a runed translucent door.
 27790 | D:13     | Found a runed translucent door.
 27858 | D:13     | Found a runed translucent door.
 28158 | D:14     | Reached skill level 14 in Shields
 28261 | D:14     | Identified the +6 falchion of Ruathuti {holy, *Slow rF++
                  | rC+ Int+3}
 28324 | D:14     | Noticed Rupert
 28652 | D:14     | HP: 31/145 [Rupert (9)]
 28652 | D:14     | Slain by Rupert

Vanquished Creatures
  Jorgrun (D:12)
  Snorg (Orc:2)
  The ghost of SquidGame the Cleaver, a journeyman TeBe of Trog (Lair:3)
  3 vault guards (D:13)
  11 hydras
  A boulder beetle (D:13)
  An ogre mage (D:14)
  6 centaur warriors
  2 death knights
  2 two-headed ogres
  4 death yaks (Lair:3)
  3 tengu warriors
  3 orc high priests
  Nergalle (D:10)
  4 skeletal warriors (D:13)
  16 spriggans (Lair:6)
  A deep troll (Orc:1)
  2 orc knights
  A phantasmal warrior (D:13)
  An orc sorcerer (Orc:1)
  An oklob plant (Lair:6)
  A deep elf pyromancer (D:12)
  An orb spider (Lair:3)
  4 ugly things
  6 cyclopes
  2 manticores
  2 centaur zombies
  Maurice (D:12)
  4 black mambas
  6 elephants (Lair:6)
  A merfolk siren (Lair:4)
  A gargoyle (D:11)
  13 cane toads
  2 kobold demonologists
  2 torpor snails
  3 unseen horrors
  4 rime drakes
  8 komodo dragons
  A freezing wraith (D:13)
  6 trolls
  5 polar bears
  Prince Ribbit (D:8)
  7 hornets (Lair:6)
  17 dream sheep
  18 blink frogs
  9 slime creatures
  3 shadows
  59 yaks
  A wyvern (D:10)
  3 wraiths
  A spriggan (shapeshifter) (D:14)
  Grum (Lair:1)
  8 basilisks
  6 vampire mosquitoes
  7 wargs
  2 acid dragons
  11 water moccasins
  2 ice beasts (D:7)
  8 black bears
  A necrophage (D:8)
  24 orc warriors
  7 centaurs
  6 ogres
  3 boggarts (Lair:6)
  42 wolves
  A phantom (D:5)
  14 bullfrogs
  3 scorpions
  2 gnoll sergeants
  A water moccasin skeleton (D:6)
  15 killer bees
  4 howler monkeys
  4 wights
  7 electric eels
  9 hounds
  3 jellies
  2 bullfrog skeletons
  31 orc priests
  A gnoll shaman (D:7)
  3 centaur skeletons
  An iguana (D:5)
  28 orc wizards
  2 killer bee zombies (D:8)
  6 gnolls
  5 adders
  A shadow imp (D:7)
  5 white imps
  2 ufetubi
  A worm (D:2)
  2 dart slugs
  50 orcs
  11 endoplasms
  5 goblins
  5 hobgoblins
  8 jackals
  4 kobolds
  4 quokkas
  4 ball pythons
  3 bats
  3 frilled lizards
  5 rats
  3 butterflies (Lair:6)
644 creatures vanquished.

Vanquished Creatures (collateral kills)
  A hydra (Lair:1)
  A vault guard (D:13)
  A boulder beetle (D:13)
  2 orc high priests (Orc:2)
  An orc sorcerer (Orc:2)
  A cane toad (Lair:3)
  A dream sheep (Lair:6)
  A wyvern (Lair:3)
  A warg (Orc:1)
  3 orc warriors (Orc:1)
  4 orc priests (Orc:2)
  An orc wizard (Orc:2)
  3 orcs (Orc:1)
21 creatures vanquished.

Vanquished Creatures (others)
  An unseen horror (D:12)
  An orc priest (Orc:2)
  3 bushes (Lair:5)
  3 demonic plants (D:2)
  33 fungi
  69 plants
  A withered plant (D:2)
111 creatures vanquished.

Grand Total: 776 creatures vanquished

Table legend:
 A = Non-vault XP
 B = Vault XP
 C = Vault XP percentage of total XP
 D = Non-vault monster count
 E = Vault monster count
 F = Vault count percentage of total count
                 A         B        C        D         E       F
            +---------+---------+-------+---------+---------+-------
      Total |   83710 |   51785 |  38.2 |     443 |     219 |  33.1
            +---------+---------+-------+---------+---------+-------
        D:1 |      38 |       0 |   0.0 |      16 |       0 |   0.0
        D:2 |      46 |      11 |  19.3 |      13 |       3 |  18.8
        D:3 |     259 |       0 |   0.0 |      20 |       0 |   0.0
        D:4 |     232 |       0 |   0.0 |      21 |       0 |   0.0
        D:5 |     281 |       0 |   0.0 |       7 |       0 |   0.0
        D:6 |     814 |       0 |   0.0 |      18 |       0 |   0.0
        D:7 |     522 |    1889 |  78.3 |      10 |      21 |  67.7
        D:8 |    1070 |     946 |  46.9 |      18 |       9 |  33.3
        D:9 |     931 |       0 |   0.0 |      11 |       0 |   0.0
       D:10 |    3683 |    1744 |  32.1 |      24 |       6 |  20.0
       D:11 |    1795 |     789 |  30.5 |      14 |       2 |  12.5
       D:12 |    4921 |    3975 |  44.7 |      24 |       3 |  11.1
       D:13 |   11532 |   10489 |  47.6 |      24 |      20 |  45.5
       D:14 |    4873 |    5549 |  53.2 |       7 |       8 |  53.3
     Lair:1 |    6529 |    2031 |  23.7 |      24 |       6 |  20.0
     Lair:2 |    2306 |       0 |   0.0 |       8 |       0 |   0.0
     Lair:3 |   13712 |    2222 |  13.9 |      43 |       8 |  15.7
     Lair:4 |    3694 |    1438 |  28.0 |      16 |       5 |  23.8
     Lair:5 |    5777 |    1720 |  22.9 |      22 |       9 |  29.0
     Lair:6 |   16173 |   10275 |  38.8 |      52 |      51 |  49.5
      Orc:1 |    3061 |    3015 |  49.6 |      30 |      21 |  41.2
      Orc:2 |    1461 |    5692 |  79.6 |      21 |      47 |  69.1
            +---------+---------+-------+---------+---------+-------

Illustrated notes

Table legend:
 A = Kills in this place as a percentage of kills in entire the game.
 B = Kills by you in this place as a percentage of kills by you in the entire game.
 C = Kills by friends in this place as a percentage of kills by friends in the entire game.
 D = Other kills in this place as a percentage of other kills in the entire game.
 E = Experience gained in this place as a percentage of experience gained in the entire game.
 F = Experience gained in this place divided by the number of levels of this place that you have seen.
                   A       B       C       D       E      F
               +-------+-------+-------+-------+-------+----------------------
         Total | 100.0 | 100.0 | 100.0 |   N/A | 100.0 | 5891.1
       Dungeon |  45.2 |  46.3 |   9.5 |   N/A |  41.6 | 4027.8
          Lair |  36.9 |  37.4 |  19.0 |   N/A |  48.6 | 10979.5
  Orcish Mines |  18.0 |  16.2 |  71.4 |   N/A |   9.8 | 6614.5
               +-------+-------+-------+-------+-------+----------------------

Table legend: (Time is in decaauts)
 A = Elapsed time spent in this place.
 B = Non-inter-level travel time spent in this place.
 C = Inter-level travel time spent in this place.
 D = Time resting spent in this place.
 E = Time spent auto-exploring this place.
 F = Levels seen in this place.
 G = Mean time per level.
                   A        B        C        D        E       F      G
               +--------+--------+--------+--------+--------+-----+--------+
         Total |  28524 |  27277 |   1247 |   3971 |  19262 |  23 | 1240.2 |
       Dungeon |  17127 |  16278 |    849 |   3096 |  10979 |  14 | 1223.4 |
        Temple |    193 |    167 |     26 |      0 |    163 |   1 |  193.0 |
          Lair |   8656 |   8339 |    317 |    539 |   6470 |   6 | 1442.7 |
  Orcish Mines |   2547 |   2494 |     53 |    335 |   1650 |   2 | 1273.5 |
               +--------+--------+--------+--------+--------+-----+--------+

Top non-repeatable levels by time:
    D:12: 2634 daAuts
    D:10: 2048 daAuts
  Lair:6: 1961 daAuts
  Lair:5: 1722 daAuts
     D:7: 1650 daAuts
     D:3: 1398 daAuts
  Lair:4: 1352 daAuts
    D:13: 1328 daAuts
   Orc:2: 1300 daAuts
     D:9: 1277 daAuts
  Lair:3: 1257 daAuts
   Orc:1: 1246 daAuts
  Lair:1: 1220 daAuts
  Lair:2: 1142 daAuts
     D:2: 1074 daAuts
